 Dungeon Crawl Stone Soup version 0.22-a0-580-gd5db89c (webtiles) character file.

345 MothsLongingForFire the Poker (level 6, -11/50 HPs)
             Began as a Demonspawn Gladiator on July 2, 2018.
             Killed from afar by Ijyb (13 damage)
             ... with a wand of acid (4)
             ... on level 3 of the Dungeon.
             The game lasted 00:12:22 (2652 turns).

MothsLongingForFire the Poker (DsGl)                Turns: 2652, Time: 00:12:24

Health: -11/50     AC: 12    Str: 17    XL:     6   Next: 32%
Magic:  6/6        EV:  7    Int:  9    God:
Gold:   149        SH:  0    Dex: 14    Spells: 5/5 levels left

rFire    . . .     SeeInvis .   a - +1 trident
rCold    . . .     Gourm    .   (no shield)
rNeg     . . .     Faith    .   w - +0 chain mail
rPois    .         Spirit   .   c - +1 helmet
rElec    .         Reflect  .   j - scarf {repulsion}
rCorr    .         Harm     .   (no gloves)
MR       .....                  (no boots)
Stlth    ..........             (no amulet)
HPRegen  0.16/turn              (no ring)
MPRegen  0.10/turn              (no ring)

@: corroded, sanguine armour, heavily drained, repel missiles
A: talons 1, powered by pain 1, rot immunity, sanguine armour 1
a: no special abilities


You were on level 3 of the Dungeon.
You were not hungry.

You visited 1 branch of the dungeon, and saw 3 of its levels.

You collected 149 gold pieces.


Innate Abilities, Weirdness & Mutations

You have sharp toenails.
You sometimes gain a little power by taking damage.
You are immune to rotting.
When seriously injured, your bleeding wounds create armour. (AC +6)


   Skills:
 + Level 4.9(3.7) Fighting
 + Level 5.0(3.8) Polearms
 - Level 1.7(0.6) Throwing
 - Level 2.6(1.5) Dodging


You had 5 spell levels left.
You didn't know any spells.
Your spell library contained the following spells:

 Spells                   Type           Power        Failure   Level  Hunger
 Summon Small Mammal      Summ           #...         100%        1    ##.....
 Summon Ice Beast         Ice/Summ       #.......     100%        4    #####..
 Call Imp                 Summ           #.......     100%        2    ###....
 Call Canine Familiar     Summ           #.......     100%        3    ####...
 Summon Lightning Spire   Summ/Air       #.......     100%        4    #####..
 Summon Guardian Golem    Hex/Summ       #.......     100%        3    ####...

Inventory:

Hand Weapons
 a - a +1 trident (weapon)
Missiles
 d - 2 throwing nets (quivered) {=f}
 n - 4 javelins
Armour
 c - a +1 helmet (worn)
 j - a scarf of repulsion (worn)
 w - a +0 chain mail (worn)
Scrolls
 b - a scroll of fog {unknown}
 e - a scroll of magic mapping
 g - a scroll of teleportation {@r4}
 k - a scroll of immolation {unknown}
 m - 3 scrolls of remove curse {@r2}
 p - a scroll of enchant armour
Potions
 h - 2 potions of mutation {!q}
 i - a potion of curing {unknown}
 l - a potion of brilliance {unknown}
 q - a potion of resistance
 t - 2 potions of haste {unknown}
 v - 2 potions of agility
Comestibles
 f - 8 rations {@e1}
 o - 4 chunks of flesh

Dungeon Overview and Level Annotations

Branches:
Dungeon (3/15)

Altars:
Cheibriados
Fedhas
Gozag
Nemelex Xobeh
Qazlal
Sif Muna
Xom

Annotations:
D:3 Ijyb

.)........##.#
.#.##.#...##.#
.#....##..##.#
.##.......##.##############
..+...........)...........#
.##.....#.##.###########.##
.########.##.##..........#
'### #.##.##.##########
...# #.##.....@g...(..*
...# #..#..#.########.*
...# #..#..#.#,,,,,,*,*
...# #..#..#.#,****,*,*
'### #..#..#.#,* *,*,*
.########..#..#.#,* *,*,*
.#............#.#,# *,*,*
.#.####.#.#...#.#.# *,*,*
.#'## #.#.......#.* *,*,*


You could see Ijyb.


Message History

You hit Ijyb.
Ijyb is heavily wounded.
Ijyb struggles against the net.
Your chain mail prevents you from hitting Ijyb.
You claw Ijyb, but do no damage.
Ijyb is heavily wounded.
Ijyb struggles against the net.
Some of the chunks of flesh in your inventory have rotted away.
You hit Ijyb.
Ijyb is severely wounded.
Ijyb struggles against the net.
You hit Ijyb. You claw Ijyb, but do no damage.
Ijyb is severely wounded.
Ijyb zaps a wand.
The bolt of acid misses you.
Ijyb struggles against the net.
You catch the helpless Ijyb completely off-guard!
You hit Ijyb but do no damage.
Ijyb is severely wounded.
You hit Ijyb. You claw Ijyb, but do no damage.
Ijyb is almost dead.
Ijyb zaps a wand.
The bolt of acid hits you!
* * * LOW HITPOINT WARNING * * *
You are splashed with acid!
The acid burns!
* * * LOW HITPOINT WARNING * * *
Ijyb struggles against the net.
The net rips apart, and Ijyb comes free!
Your chain mail prevents you from hitting Ijyb.
Your kick misses Ijyb.
Ijyb is almost dead.
Ijyb zaps a wand.
The bolt of acid hits you!
You die...

Skill      XL: |  1  2  3  4  5 |
---------------+----------------+-----
Polearms       | 3 4 5 |  5.0
Fighting       | 3 4 |  4.9
Throwing       | |  1.7
Dodging        | |  2.6

Action                   |  1- 3 |  4- 6 || total
-------------------------+-------+-------++-------
Melee: Trident           |    74 |   120 ||   194
       Kick              |       |    14 ||    14
Throw: Javelin           |       |     3 ||     3
       Throwing net      |       |     1 ||     1
  Use: Scroll            |       |    10 ||    10
 Stab: Held in net/web   |       |     1 ||     1
  Eat: Chunk             |       |     6 ||     6
Armor: Leather armour    |    11 |       ||    11
       Ring mail         |    22 |    14 ||    36
       Chain mail        |       |    31 ||    31
Dodge: Dodged            |    48 |    40 ||    88
       Deflected         |     1 |       ||     1

Vault maps used:
D:1:      scummos_arrival_simple_fountains
D:3:      minitemple, first_ration, uniq_sigmund, uniq_ijyb

Notes
Turn   | Place    | Note
-------+----------+-------------------------------------------
     0 | D:1      | MothsLongingForFire the Demonspawn Gladiator began the quest for the Orb.
     0 | D:1      | Reached XP level 1. HP: 16/16 MP: 1/1
   679 | D:2      | Reached skill level 3 in Polearms
   709 | D:2      | Gained mutation: You sometimes gain a little power by taking damage. [demonic ancestry]
   709 | D:2      | Reached XP level 2. HP: 23/23 MP: 2/2
   877 | D:2      | Gained mutation: When seriously injured, your bleeding wounds create armour. (AC +6) [demonic ancestry]
   877 | D:2      | Reached XP level 3. HP: 28/28 MP: 3/3
   914 | D:2      | Reached skill level 3 in Fighting
  1053 | D:2      | Reached XP level 4. HP: 17/35 MP: 4/4
  1333 | D:2      | Reached skill level 4 in Polearms
  1810 | D:3      | Gained mutation: You have sharp toenails. [demonic ancestry]
  1810 | D:3      | Reached XP level 5. HP: 34/42 MP: 5/5
  2095 | D:3      | Reached skill level 4 in Fighting
  2531 | D:3      | Found a blossoming altar of Fedhas.
  2534 | D:3      | Found a deep blue altar of Sif Muna.
  2535 | D:3      | Found a sparkling altar of Nemelex Xobeh.
  2536 | D:3      | Found a stormy altar of Qazlal.
  2537 | D:3      | Found an opulent altar of Gozag.
  2539 | D:3      | Found a snail-covered altar of Cheibriados.
  2541 | D:3      | Found a shimmering altar of Xom.
  2599 | D:3      | Noticed Sigmund
  2607 | D:3      | Killed Sigmund
  2607 | D:3      | Reached skill level 5 in Polearms
  2607 | D:3      | Gained mutation: You are immune to rotting. [demonic ancestry]
  2607 | D:3      | Reached XP level 6. HP: 50/50 MP: 6/6
  2636 | D:3      | Noticed Ijyb
  2651 | D:3      | HP: 1/50 [acid (12)]
  2652 | D:3      | Killed from afar by Ijyb

Vanquished Creatures
  Sigmund (D:3)
  A worker ant (D:2)
  A worker ant zombie (D:2)
  7 adders
  4 gnolls (D:2)
  A dart slug (D:3)
  A leopard gecko (D:3)
  5 orcs (D:3)
  3 giant cockroaches
  3 goblins (D:2)
  5 hobgoblins
  10 bats
  2 frilled lizards
  5 kobolds
  5 rats
54 creatures vanquished.

Table legend:
 A = Turns spent in this place as a percentage of turns spent in the entire game.
 B = Non-inter-level travel turns spent in this place as a percentage of non-inter-level travel turns spent in the entire game.
 C = Inter-level travel turns spent in this place as a percentage of turns spent in this place.
 D = Turns resting spent in this place as a percentage of non-inter-level travel turns spent in this place.
 E = Turns spent auto-exploring this place as a percentage of non-inter-level travel turns spent in this place.
 F = Non-inter-level travel turns spent in this place divided by the number of levels of this place that you've seen.
                   A       B       C       D       E      F
               +-------+-------+-------+-------+-------+----------------------
         Total | 100.0 | 100.0 |   6.0 |  25.0 |  51.0 | 830.7
       Dungeon | 100.0 | 100.0 |   6.0 |  25.0 |  51.0 | 830.7
               +-------+-------+-------+-------+-------+----------------------

Table legend:
 A = Spawn XP
 B = Non-spawn XP
 C = Spawn XP percentage of total XP
 D = Spawn monster count
 E = Non-spawn monster count
 F = Spawn count percentage of total count
 G = Total turns spent on level
                    A         B        C        D         E        F      G
               +---------+---------+-------+---------+---------+-------+---------
         Total |       0 |     494 |   0.0 |       0 |      54 |   0.0 |  2652
               +---------+---------+-------+---------+---------+-------+---------
           D:1 |       0 |       9 |   0.0 |       0 |       7 |   0.0 |   668
           D:2 |       0 |     179 |   0.0 |       0 |      28 |   0.0 |  1118
           D:3 |       0 |     306 |   0.0 |       0 |      19 |   0.0 |   866
               +---------+---------+-------+---------+---------+-------+---------
